 Dungeon Crawl Stone Soup version 0.21-a0-404-g291f19a (webtiles) character file.

118 graki42 the Firebug (level 4, -1/24 HPs)
             Began as a Deep Elf Fire Elementalist on Oct 30, 2017.
             Slain by a gnoll
             ... wielding a +0 spear
              (7 damage)
             ... on level 4 of the Dungeon.
             The game lasted 00:09:21 (2279 turns).

graki42 the Firebug (Deep Elf Fire Elementalist)    Turns: 2279, Time: 00:09:22

Health: -1/24      AC:  4    Str:  6    XL:     4   Next: 72%
Magic:  18/21      EV:  7    Int: 20    God:
Gold:   169        SH:  0    Dex: 15    Spells: 4/11 levels left

rFire    . . .     SeeInvis .   (no weapon)
rCold    + . .     Gourm    .   (no shield)
rNeg     . . .     Faith    .   a - +0 robe
rPois    .         Spirit   .   f - +1 helmet
rElec    .         Reflect  .   (no cloak)
rCorr    .         Harm     .   (no gloves)
MR       .....                  (no boots)
Stlth    ++........             (no amulet)
HPRegen  0.08/turn              k - ring of protection from cold
MPRegen  0.17/turn              n - ring of magical power

@: held
A: no striking features
a: no special abilities


You were on level 4 of the Dungeon.
You were not hungry.

You visited 1 branch of the dungeon, and saw 4 of its levels.

You collected 169 gold pieces.

Inventory:

Missiles
 h - 81 stones (quivered)
Armour
 a - a +0 robe (worn)
 f - a +1 helmet (worn)
 m - a cursed -2 robe
Jewellery
 k - a ring of protection from cold (left hand)
 n - a ring of magical power (right hand)
Wands
 v - a wand of acid (6/15)
Scrolls
 d - a scroll of remove curse
 q - a scroll of teleportation
 s - a scroll of fear {unknown}
 u - a scroll of amnesia {unknown}
 w - a scroll of blinking {unknown}
 x - a scroll of magic mapping {unknown}
Potions
 e - 4 potions of curing {unknown}
 l - a potion of lignification
 o - 2 potions of heal wounds {unknown}
 p - 2 potions of haste
 t - a potion of mutation
 z - a potion of ambrosia
Books
 b - a book of Flames

   Spells                             Type                      Level
   a - Flame Tongue                   Conjuration/Fire             1
   b - Throw Flame                    Conjuration/Fire             2
   c - Conjure Flame                  Conjuration/Fire             3
   d - Inner Flame                    Hexes/Fire                   3
   e - Sticky Flame                   Conjuration/Fire             4
   f - Fireball                       Conjuration/Fire             5
Comestibles
 c - a bread ration
 g - 2 meat rations
 i - 2 royal jellies


   Skills:
 + Level 2.6 Dodging
 + Level 2.5 Stealth
 + Level 4.3 Spellcasting
 + Level 2.6 Conjurations
 + Level 4.6 Fire Magic


You had 4 spell levels left.
You knew the following spells:

 Your Spells              Type           Power        Failure   Level  Hunger
a - Flame Tongue          Conj/Fire      ###..        2%          1    None
b - Conjure Flame         Conj/Fire      ###.....     9%          3    ###....
c - Inner Flame           Hex/Fire       ##......     14%         3    ###....


Dungeon Overview and Level Annotations

Branches:
Dungeon (4/15)
 Temple: D:4-7

Altars:
Kikubaaqudgha
Okawaru
Xom
Yredelemnul

Portals:
Sewer: D:4


Message History

The gnoll hits you from afar with a spear.
Casting: Flame Tongue
Confirm with . or Enter, or press ? or * to list all spells.
Aiming: Flame Tongue
Press: ? - help, Shift-Dir - straight line, f/p - gnoll
Aim: a gnoll, wielding a spear (moderately wounded)
The flame tongue hits the gnoll.
You kill the gnoll!
The gnoll hits you from afar with a spear.
* * * LOW HITPOINT WARNING * * *
Casting: Flame Tongue
Confirm with . or Enter, or press ? or * to list all spells.
Aiming: Flame Tongue
Press: ? - help, Shift-Dir - straight line, f - gnoll
Aim: a gnoll, wielding a spear The flame tongue hits the gnoll.
The gnoll is almost dead.
The gnoll shouts!
You hear an angry hiss.
The gnoll hits you from afar with a spear!
You die...

###########
#.....g.(.#
#.......).@.###
#.#######.#...#
...g#≈g≈SS#.>...#
..g.+≈≈∩≈S#.....#
?$..#≈≈≈≈≈#....o#
...g#######..#...
................?.
##.##### ..#.. ..
..#...


You could see 2 gnolls, 3 adders and an orc.

Vanquished Creatures
  The ghost of Klosterheim the Vexing, a weakling GnAM (D:3)
  A gnoll (D:4)
  5 worms
  An orc (D:3)
  2 giant cockroaches
  2 gnoll zombies (D:2)
  9 hobgoblins
  8 kobolds
  2 quokkas
  6 bats
  3 frilled lizards
  3 goblins
  11 rats
54 creatures vanquished.

Notes
Turn   | Place    | Note
-------+----------+-------------------------------------------
     0 | D:1      | graki42 the Deep Elf Fire Elementalist began the quest for the Orb.
     0 | D:1      | Reached XP level 1. HP: 10/10 MP: 6/6
   314 | D:1      | Reached XP level 2. HP: 14/15 MP: 5/8
  1169 | D:2      | Reached XP level 3. HP: 19/19 MP: 9/9
  1285 | D:2      | Learned a level 3 spell: Conjure Flame
  1289 | D:2      | Learned a level 3 spell: Inner Flame
  1293 | D:2      | Found a basalt altar of Yredelemnul.
  1375 | D:2      | Found a faded altar of an unknown god.
  1670 | D:3      | Noticed Klosterheim's ghost (weakling GnAM)
  1819 | D:3      | Killed Klosterheim's ghost
  1819 | D:3      | Reached XP level 4. HP: 24/24 MP: 1/12
  1982 | D:3      | Found an ancient bone altar of Kikubaaqudgha.
  2125 | D:3      | Found a shimmering altar of Xom.
  2179 | D:3      | Found an iron altar of Okawaru.
  2262 | D:4      | Found a glowing drain.
  2279 | D:4      | Slain by a gnoll

Vault maps used:
D:1:      dpeg_arrival_shelter
D:2:      lemuel_zombie_altar_yredelemnul, chequers_ecumenical_altar_lobes,
          grunt_ministairs_6
D:3:      old_standard_altar, lemuel_doored_altar, kennysheep_flooded_box
D:4:      lemuel_crystal_altar, minitemple, serial_shops, shop,
          gup_sewer_entry_glass, first_bread

Skill      XL: |  1  2  3 |
---------------+----------+-----
Fire Magic     | 4 |  4.6
Conjurations   | 2 |  2.6
Spellcasting   | 4 |  4.3
Dodging        | |  2.6
Stealth        | |  2.5

Action                   |  1- 3 |  4- 6 || total
-------------------------+-------+-------++-------
Melee: Unarmed           |     1 |       ||     1
Throw: Stone             |       |     7 ||     7
 Cast: Flame Tongue      |   100 |    24 ||   124
       Conjure Flame     |     2 |       ||     2
  Use: Scroll            |     3 |     6 ||     9
  Eat: Chunk             |     2 |     2 ||     4
Armor: Robe              |     1 |     3 ||     4
Dodge: Dodged            |    34 |     6 ||    40

Table legend:
 A = Spawn XP
 B = Non-spawn XP
 C = Spawn XP percentage of total XP
 D = Spawn monster count
 E = Non-spawn monster count
 F = Spawn count percentage of total count
 G = Total turns spent on level
                    A         B        C        D         E        F      G
               +---------+---------+-------+---------+---------+-------+---------
         Total |       0 |     169 |   0.0 |       0 |      54 |   0.0 |  2279
               +---------+---------+-------+---------+---------+-------+---------
           D:1 |       0 |      21 |   0.0 |       0 |      14 |   0.0 |   834
           D:2 |       0 |      33 |   0.0 |       0 |      17 |   0.0 |   713
           D:3 |       0 |     101 |   0.0 |       0 |      22 |   0.0 |   710
           D:4 |       0 |      14 |   0.0 |       0 |       1 |   0.0 |    22
               +---------+---------+-------+---------+---------+-------+---------
